 Dungeon Crawl Stone Soup version 0.31-a0-325-g067879e3d3 (webtiles) character file.

Game seed: 11151748549239027955

2961 Newt the Carver (level 9, -2/74 HPs)
             Began as a Barachi Fighter on July 18, 2023.
             Was a Believer of Okawaru.
             Slain by a boulder beetle (21 damage)
             ... on level 8 of the Dungeon.
             The game lasted 00:08:17 (7618 turns).

Newt the Carver (Barachi Fighter)                   Turns: 7618, Time: 00:08:17

Health: -2/74      AC: 11    Str: 22    XL:     9   Next: 81%
Magic:  7/9        EV: 12    Int: 14    God:    Okawaru [**....]
Gold:   371        SH: 13    Dex: 12    Spells: 8/8 levels left

rFire   . . .        a - +0 long sword
rCold   + . .        c - +1 buckler
rNeg    . . .        r - +1 ring mail of Lilacs {rC+}
rPois   .            k - +0 helmet
rElec   .            (no cloak)
rCorr   .            (no gloves)
SInv    .            w - +0 pair of boots
Will    .....        e - amulet of reflection
Stlth   ++           i - +6 ring of intelligence
HPRegen 0.32/turn    (no ring)
MPRegen 0.11/turn

%: reflection
@: heroic, slow
A: amphibious, slowness 1, strong legs 1, +LOS
a: Hop, Renounce Religion, Heroism


You were on level 8 of the Dungeon.
You worshipped Okawaru.
Okawaru was pleased with you.
You visited 2 branches of the dungeon, and saw 9 of its levels.

You collected 371 gold pieces.

Inventory:

Hand Weapons
 a - a +0 long sword (weapon)
Missiles
 l - 5 poisoned darts
 x - a boomerang
Armour
 b - a +0 scale mail
 c - a +1 buckler (worn)
 k - a +0 helmet (worn)
 r - the +1 ring mail of Lilacs (worn) {rC+}
   (You found it on level 6 of the Dungeon)

   rC:        It protects you from cold.
 t - the +1 pair of boots of the Jackalope {Contam rPois rN+++ Str-2}
   (You found it on level 6 of the Dungeon)

   Str:       It affects your strength (-2).
   rPois:     It protects you from poison.
   rN:        It renders you almost immune to negative energy.
   Contam:    It causes magical contamination when unequipped.
 w - a +0 pair of boots (worn)
Jewellery
 e - an amulet of reflection (around neck)
 i - a +6 ring of intelligence (left hand)
 o - an amulet of guardian spirit
Scrolls
 f - a scroll of teleportation
 s - 3 scrolls of revelation
 u - a scroll of amnesia
 v - a scroll of brand weapon
Potions
 g - a potion of magic
 h - a potion of enlightenment
 m - 4 potions of curing
 p - a potion of berserk rage
 q - 2 potions of brilliance


   Skills:
 - Level 8.0(13.0) Fighting
 - Level 11.8(16.8) Long Blades
 - Level 6.0(11.0) Armour
 - Level 7.0(12.0) Shields
 + Level 0.0 Invocations


You had 8 spell levels left.
You didn't know any spells.
Your spell library contained the following spells:

 Spells                   Type           Power      Damage    Failure   Level
 Necrotise                Necr           0%         1d4       43%         1
 Inner Flame              Hex/Fire       0%         N/A       82%         3
 Vampiric Draining        Necr           0%         2d6       82%         3
 Agony                    Necr           0%         N/A       100%        5
 Yara's Violent Unravell  Hex/Tmut       0%         3d3       100%        5
 Conjure Ball Lightning   Conj/Air       0%         3x3d6     100%        6
 Enfeeble                 Hex            0%         N/A       100%        7
 Discord                  Hex            0%         N/A       100%        8
 Disjunction              Tloc           0%         N/A       100%        8


Dungeon Overview and Level Annotations

Branches:
Dungeon (8/15)             Temple (1/1) D:5            Lair (0/5) D:8

Altars:
Ashenzari
Cheibriados
Dithmenos
Gozag
Hepliaklqana
Kikubaaqudgha
Nemelex Xobeh
Okawaru
Qazlal
Ru
Sif Muna
Trog
Uskayaw
Vehumet
Wu Jian
Xom
Yredelemnul
Zin
The Shining One

Annotations:
D:5 2 transporters, Tollund's ghost, novice MeEE


Innate Abilities, Weirdness & Mutations

You are amphibious.
You cover ground slowly.
You can hop short distances.
You have an extended range of vision and can be seen from far away.


Message History

You throw a poisoned dart.
The poisoned dart hits the boulder beetle.
The boulder beetle is poisoned.
Unknown command.
Throw: 6 darts (poison)
Press: ? - help, Shift-Dir - straight line, f/p - boulder beetle
Aim: a boulder beetle (lightly wounded, rolling, poisoned, 89% to hit)
You throw a poisoned dart.
The poisoned dart hits the boulder beetle.
The boulder beetle looks even sicker.
The boulder beetle is lightly wounded.
The boulder beetle hits you!!
The boulder beetle stops rolling and uncurls.
Unknown command.
You hit the boulder beetle but do no damage.
The boulder beetle is lightly wounded.
Unknown command.
You hit the boulder beetle but do no damage.
The boulder beetle is lightly wounded.
The boulder beetle bites you!!
* * * LOW HITPOINT WARNING * * *
Unknown command.
The boulder beetle attacks as you move away!
The boulder beetle closely misses you.
The boulder beetle curls into a ball and begins rolling!
You feel better. You block the boulder beetle's attack.
The boulder beetle stops rolling and uncurls.
Unknown command.
You hit the boulder beetle.
The boulder beetle is moderately wounded.
The boulder beetle bites you!
* * * LOW HITPOINT WARNING * * *
You hit the boulder beetle but do no damage.
The boulder beetle is moderately wounded.
You block the boulder beetle's attack.
Unknown command.
You gain the combat prowess of a mighty hero.
Okawaru will no longer gift you throwing weapons.
The boulder beetle bites you!!
You die...

# ###.. #... #.(###..
##....... ##....#
################.....#
#.............@B....(#
#.######.##.####..###(#
##.######.##......?.#
.#
#...........#######..#
#..######.#.# #... #..#
#....#.# .###
#.<###.####.# ##
#...##.# #.# #.#.##.#
#.#


You could see a boulder beetle (poisoned).

Vanquished Creatures
  2 wyverns (D:8)
  4 yaks (D:8)
  A basilisk (D:8)
  Menkaure (D:6)
  3 water moccasins (D:8)
  2 ice beasts
  2 ogres
  A centaur (D:6)
  A phantom (D:6)
  A bullfrog (D:6)
  2 scorpions
  5 killer bees (D:8)
  2 jellies
  2 hounds (D:6)
  An iron imp (D:3)
  Jessica (D:2)
  2 iguanas
  4 sleepcaps
  2 orc wizards
  9 adders
  A gnoll (D:1)
  2 shadow imps
  3 worms
  A dart slug (D:3)
  15 orcs
  9 ball pythons
  2 bats
  8 endoplasms
  3 giant cockroaches
  19 goblins
  11 hobgoblins
  4 jackals (D:2)
  3 quokkas
  4 frilled lizards
  5 kobolds
  4 rats
142 creatures vanquished.

Notes
Turn   | Place    | Note
-------+----------+-------------------------------------------
     0 | D:1      | Newt the Barachi Fighter began the quest for the Orb.
     0 | D:1      | Reached XP level 1. HP: 18/18 MP: 1/1
   162 | D:1      | Reached XP level 2. HP: 25/25 MP: 2/2
   790 | D:1      | Reached skill level 5 in Fighting
   790 | D:1      | Reached XP level 3. HP: 29/33 MP: 3/3
   807 | D:1      | Reached skill level 3 in Long Blades
  1254 | D:2      | Noticed Jessica
  1266 | D:2      | Killed Jessica
  1267 | D:2      | Reached skill level 4 in Long Blades
  1267 | D:2      | Reached XP level 4. HP: 30/39 MP: 4/4
  1823 | D:3      | Found a faded altar of an unknown god.
  1900 | D:3      | Found a snail-covered altar of Cheibriados.
  2180 | D:3      | Reached skill level 5 in Long Blades
  2180 | D:3      | Reached XP level 5. HP: 44/44 MP: 5/5
  2309 | D:3      | Found a sacrificial altar of Ru.
  2948 | D:3      | Found a broken altar of Ashenzari.
  2978 | D:3      | Saw a vision of the Swamp and the Spider Nest.
  2978 | D:3      | Noticed a bunyip
  2978 | D:3      | Noticed a spriggan rider
  2978 | D:3      | Noticed a seven-headed hydra
  2978 | D:3      | Noticed a redback
  2978 | D:3      | Noticed a jumping spider
  2978 | D:3      | Noticed an eleionoma
  2978 | D:3      | Noticed a pharaoh ant
  2978 | D:3      | Noticed a will-o-the-wisp
  2978 | D:3      | Noticed a tarantella
  2978 | D:3      | Noticed a pharaoh ant
  2978 | D:3      | Noticed a redback
  2978 | D:3      | Noticed a bunyip
  2978 | D:3      | Noticed an alligator
  2978 | D:3      | Noticed a vampire mosquito
  2979 | D:3      | Noticed a jumping spider
  2979 | D:3      | Noticed a tarantella
  2980 | D:3      | Noticed a redback
  3075 | D:4      | Reached skill level 6 in Long Blades
  3348 | D:4      | Reached XP level 6. HP: 41/51 MP: 6/6
  3417 | D:4      | Reached skill level 7 in Long Blades
  3791 | D:5      | Entered Level 5 of the Dungeon
  3918 | D:5      | Found a transporter.
  3918 | D:5      | Found a transporter.
  3918 | D:5      | Noticed Tollund's ghost (novice MeEE)
  3927 | D:5      | Noticed a hornet
  4037 | D:5      | Noticed an ice beast
  4054 | D:5      | Killed an ice beast
  4055 | D:5      | Reached skill level 8 in Long Blades
  4055 | D:5      | Reached XP level 7. HP: 51/56 MP: 7/7
  4308 | D:5      | Found a staircase to the Ecumenical Temple.
  4573 | Temple   | Entered the Ecumenical Temple
  4583 | Temple   | Became a worshipper of Warmaster Okawaru
  4829 | D:6      | Identified the +1 ring mail of Lilacs {rC+}
  4959 | D:6      | Reached skill level 5 in Shields
  5090 | D:6      | Identified the +1 pair of boots of the Jackalope {Contam
                  | rPois rN+++ Str-2}
  5224 | D:6      | Reached XP level 8. HP: 28/62 MP: 8/8
  5454 | D:6      | Reached * piety under Okawaru
  5495 | D:6      | Noticed Menkaure
  5505 | D:6      | Killed Menkaure
  6209 | D:7      | Found a stormy altar of Qazlal.
  6209 | D:7      | Found a hazy altar of Hepliaklqana.
  6844 | D:8      | Noticed a yak
  6845 | D:8      | Noticed a yak
  6845 | D:8      | Noticed a wyvern
  6845 | D:8      | Noticed a yak
  6846 | D:8      | Noticed a yak
  6848 | D:8      | Noticed a yak
  6862 | D:8      | Found a staircase to the Lair.
  6863 | D:8      | Noticed a wyvern
  6889 | D:8      | Killed a yak
  6890 | D:8      | Reached skill level 5 in Armour
  6894 | D:8      | Reached XP level 9. HP: 39/74 MP: 6/9
  6900 | D:8      | Reached ** piety under Okawaru
  6901 | D:8      | Reached skill level 9 in Long Blades
  6914 | D:8      | Reached skill level 10 in Long Blades
  7028 | D:8      | Reached skill level 11 in Long Blades
  7197 | D:8      | Reached *** piety under Okawaru
  7604 | D:8      | Noticed a boulder beetle
  7618 | D:8      | Slain by a boulder beetle

Illustrated notes

Levels and vault maps discovered:
D:1:      matt_arrival_spirals, layout_loops_ring, serial_bayou_crossing
D:2:      layout_basic, uniq_jessica
D:3:      cheibrodos_greedy_goblins, layout_loops_corners,
          grunt_ashenzari_visionary [grunt_ashenzari_visionary_swamp,
          grunt_ashenzari_visionary_spider], lemuel_crystal_altar, slow_altar_1,
          hellmonk_ecumenical_altar_run_dry
D:4:      layout_rooms
D:5:      layout_loops_ring, lemuel_temple_firewalk_b, gammafunk_ghost_hive
D:6:      layout_loops_cross, kennysheep_nondescript, uniq_menkaure
D:7:      layout_basic, mainiacjoe_overflow_alcove_1,
          nicolae_overflow_crystal_walls
D:8:      layout_loops_ring, makhleb_grotto_becter, minmay_lair_entry_grove,
          kb_rosetta
Temple:   nicolae_temple_bog_church

Skill      XL: |  1  2  3  4  5  6  7  8  9 |
---------------+----------------------------+-----
Fighting       | 4 5 8 |  8.0
Long Blades    | 4 5 6 8 11 | 11.8
Shields        | 4 6 7 |  7.0
Armour         | 6 |  6.0

Action                     |  1- 3 |  4- 6 |  7- 9 || total
---------------------------+-------+-------+-------++-------
  Melee: Long sword        |   126 |   232 |   348 ||   706
  Throw: Dart              |       |       |     7 ||     7
 Invoke: Heroism           |       |       |     4 ||     4
    Use: Potion            |     1 |       |     4 ||     5
         Scroll            |       |    13 |     4 ||    17
   Stab: Invisible         |       |       |     4 ||     4
 Armour: Scale mail        |    69 |    80 |     2 ||   151
         Ring mail         |       |       |    85 ||    85
  Dodge: Dodged            |    71 |    78 |   104 ||   253
  Block: Buckler           |    32 |    65 |   165 ||   262
         Reflection        |       |       |     6 ||     6

Table legend: (Time is in decaauts)
 A = Elapsed time spent in this place.
 B = Non-inter-level travel time spent in this place.
 C = Inter-level travel time spent in this place.
 D = Time resting spent in this place.
 E = Time spent auto-exploring this place.
 F = Levels seen in this place.
 G = Mean time per level.
                   A        B        C        D        E       F      G
               +--------+--------+--------+--------+--------+-----+--------+
         Total |   8611 |   8151 |    460 |   1422 |   5360 |   9 |  956.8 |
       Dungeon |   8586 |   8149 |    437 |   1422 |   5360 |   8 | 1073.2 |
        Temple |     24 |      1 |     23 |      0 |      0 |   1 |   24.0 |
               +--------+--------+--------+--------+--------+-----+--------+

Top non-repeatable levels by time:
     D:6: 1447 daAuts
     D:3: 1433 daAuts
     D:1: 1205 daAuts
     D:5: 1179 daAuts
     D:2: 924 daAuts
     D:8: 829 daAuts
     D:4: 803 daAuts
     D:7: 764 daAuts
  Temple: 24 daAuts
